[Event "ESP-chT Honor Division 2022"]
[Site "Linares"]
[Date "2022.09.20"]
[Round "4.12"]
[White "Garcia Martin, Marta"]
[Black "Cano Sevilla, Ivan"]
[Result "1-0"]
[ECO "B30"]
[WhiteElo "2325"]
[BlackElo "2076"]
[Annotator "ChessBase"]
[PlyCount "129"]
[EventDate "2022.09.17"]
[EventType "team-tourn"]
[EventCountry "ESP"]
[SourceTitle "playchess.com"]
[Source "ChessBase"]
[SourceQuality "1"]
[TimeControl "5400+30"]

1. e4 c5 2. Nf3 Nc6 3. c3 g6 4. d4 cxd4 5. cxd4 d6 6. d5 Nb8 7. Nc3 Bg7 8. Be3 Nf6 9. Be2 Nbd7 10. O-O O-O 11. Nd4 Nc5 12. f3 a5 13. Rc1 Bd7 14. b3 Qb6 15. Ndb5 Bxb5 16. Nxb5 Rfc8 17. a3 Qd8 18. b4 axb4 19. axb4 Na6 20. Rxc8 Rxc8 21. Na7 Bh6 22. Bxh6 Qb6+ 23. Kh1 Qxa7 24. Qd2 Qb6 25. Rb1 Qc7 26. b5 Nb8 27. b6 Qc2 28. Qe1 Qa4 29. Bf1 Nfd7 30. Qh4 Qa2 31. Re1 Nf6 32. e5 dxe5 33. d6 Qe6 34. dxe7 Qxe7 35. Bg5 Rc6 36. Ra1 Qd6 37. Bxf6 Qxf6 38. Qxf6 Rxf6 39. Ra8 Rxb6 40. Rxb8+ Kg7 41. Kg1 Rb2 42. Bc4 f5 43. Re8 b5 44. Bd5 e4 45. fxe4 fxe4 46. Rxe4 h6 47. Re6 Rb4 48. Rb6 g5 49. Bc6 Rb1+ 50. Kf2 b4 51. Be4 Rb2+ 52. Ke3 Rb3+ 53. Kd4 Rb2 54. Rg6+ Kf7 55. Rxh6 b3 56. Rb6 Kg7 57. Ke5 g4 58. Kf4 Rf2+ 59. Kxg4 b2 60. h4 Re2 61. Kf5 Kh7 62. g4 Rf2+ 63. Kg5+ Kh8 64. h5 Rd2 65. Rb8+ 1-0

[Event "ESP-chT Honor Division 2022"]
[Site "Linares"]
[Date "2022.09.20"]
[Round "4.13"]
[White "Eljanov, Pavel"]
[Black "Fedoseev, Vladimir"]
[Result "1/2-1/2"]
[ECO "E10"]
[WhiteElo "2695"]
[BlackElo "2685"]
[Annotator "TA"]
[PlyCount "55"]
[EventDate "2022.09.17"]
[EventType "team-tourn"]
[EventCountry "ESP"]
[SourceTitle "playchess.com"]
[Source "ChessBase"]
[SourceQuality "1"]
[TimeControl "5400+30"]

1. d4 Nf6 2. c4 e6 3. Nf3 d5 4. g3 Bb4+ 5. Bd2 Be7 6. Bg2 O-O 7. O-O Nbd7 8. Qc2 c6 9. Bf4 Nh5 10. Bc1 Nhf6 11. Bf4 {[%emt 0:01:22] is cutting edge theory.} Nh5 12. Bc1 Nhf6 {[%emt 0:00:06] [#]} {Predecessor:} 13. Nbd2 $146 {E09: Closed Catalan: Main Line: 7 Qc2 c6 8 Nbd2.} b6 14. b3 Bb7 15. Bb2 h6 16. Rad1 c5 17. cxd5 Nxd5 18. dxc5 Nxc5 19. Nc4 b5 20. Nce5 Qa5 21. a3 Rac8 22. b4 Qa4 23. Qb1 Na6 24. Rc1 Nb8 25. Nd4 a5 26. Rxc8 Rxc8 27. Be4 Nf6 28. Bxb7 {1-0 (23) Vachier Lagrave,M (2758)-Gledura,B (2652) Chess.com INT 2022} 1/2-1/2

[Event "ESP-chT Honor Division 2022"]
[Site "Linares"]
[Date "2022.09.20"]
[Round "4.14"]
[White "Tabatabaei, M. Amin"]
[Black "Jones, Gawain C B"]
[Result "1-0"]
[ECO "A48"]
[WhiteElo "2651"]
[BlackElo "2623"]
[Annotator "TA"]
[PlyCount "109"]
[EventDate "2022.09.17"]
[EventType "team-tourn"]
[EventCountry "ESP"]
[SourceTitle "playchess.com"]
[Source "ChessBase"]
[SourceQuality "1"]
[TimeControl "5400+30"]

1. d4 Nf6 2. Nf3 g6 3. Nbd2 d5 4. b3 Bg7 5. Bb2 O-O 6. e3 Nbd7 {[%emt 0:01:19] BESTDEEP} 7. c4 {[%emt 0:00:48] 7.Be2 gains popularity. D04: Colle System.} c5 {[%emt 0:01:01] CPLX 2.0} 8. Rc1 {[%emt 0:07:18] CPLX 2.1 4 (Bf1-e2) (=2)} cxd4 {[%emt 0:07:57] [#]} 9. Nxd4 $146 {[%emt 0:15:49] MISS-Bb2xd4 27 (Bb2xd4) (=10). The position is equal.} ({Predecessor:} 9. Bxd4 b6 10. Be2 Bb7 11. O-O Re8 12. Ne5 Rc8 13. f4 Nxe5 14. fxe5 Ne4 15. Nxe4 dxe4 {0-1 (50) Magalhaes,J (1924)-Crespo de Oliveira,L (2110) Belo Horizonte 2010}) 9... Ne5 {[%emt 0:09:34] CPLX 2.2 45 (e7-e5) (=11)} (9... e5 $5 10. N4f3 d4 $11) 10. c5 {[%emt 0:13:37] CPLX 2.4 28 (Bf1-e2) (=15)} Bg4 {[%emt 0:07:35] CPLX 2.3 14 (Ne5-c6) (=12)} 11. Qc2 {[%emt 0:02:24] CPLX 2.9 5 (f2-f3) (=13)} Ne4 {[%emt 0:06:51] CPLX 2.5 29 (Ne5-c6) (=15)} 12. f3 {[%emt 0:12:29] CPLX 3.6 29 (Nd2xe4) (=16)} Nxd2 {[%emt 0:01:39] EASY} 13. Qxd2 {[%emt 0:00:06] RECAPT} Bd7 {[%emt 0:01:07] CPLX 2.6} 14. Be2 {[%emt 0:00:32] CPLX 2.2} a6 {[%emt 0:05:05] CPLX 2.2 16 (Ne5-c6) (=12)} 15. O-O {[%emt 0:00:58] CPLX 2.3 16 (f3-f4) (=12)} Qc7 {[%emt 0:02:31] CPLX 2.3 15 (Ne5-c6) (=12)} 16. f4 {[%emt 0:04:50] CPLX 2.3} Nc6 {[%emt 0:02:32] BESTDEEP} 17. Bf3 {[%emt 0:01:34] BESTDEEP} e6 {[%emt 0:10:39] CPLX 2.6 0 (Nc6xd4) (=10)} 18. Ne2 {[%emt 0:08:11] BESTDEEP} Bxb2 {[%emt 0:10:45] CPLX 2.8} 19. Qxb2 {[%emt 0:00:09] RECAPT} Ne7 {[%emt 0:00:06] CPLX 2.9 17 (Ra8-c8) (=10)} 20. Rfd1 {[%emt 0:04:11] CPLX 2.8 6 (Qb2-f6) (=8)} Nf5 {[%emt 0:03:59] CPLX 2.8 26 (Bd7-b5) (=11)} 21. Kf2 {[%emt 0:00:10] CPLX 2.7 36 (g2-g4) (=10)} (21. g4 $5 Nh4 22. Bh1 $11) 21... Bb5 {[%emt 0:01:28] CPLX 3.3 22 (Ra8-e8) (=12)} 22. Ng3 {[%emt 0:01:32] CPLX 4.3 26 (g2-g3) (=11)} Nxg3 {[%emt 0:07:32] CPLX 4.4} 23. hxg3 {[%emt 0:00:16] RECAPT} Rae8 {[%emt 0:01:30] CPLX 3.5 25 (f7-f5) (=12)} 24. Qf6 {[%emt 0:03:49] BESTDEEP} Qe7 {[%emt 0:02:09] CPLX 3.9 12 (Bb5-c6) (=12)} 25. Qxe7 {[%emt 0:00:17] CPLX 4.0} Rxe7 {[%emt 0:00:03] RECAPT} 26. e4 {[%emt 0:00:05] CPLX 2.1} dxe4 {[%emt 0:02:44] CPLX 2.2} 27. Bxe4 {[%emt 0:00:23] RECAPT} Rc8 {[%emt 0:00:05] BESTDEEP} 28. Rd6 {[%emt 0:02:37] BESTDEEP} Rec7 {[%emt 0:02:52] CPLX 2.1 30 (Kg8-f8) (=11)} 29. b4 {[%emt 0:00:21] CPLX 2.2 43 (Kf2-e3) (=10)} Bc6 {[%emt 0:00:29] CPLX 2.1 2 (a6-a5) (=11)} 30. Ke3 {[%emt 0:05:24] BESTDEEP} a5 {[%emt 0:01:30] CPLX 2.2 35 (Kg8-f8) (=12)} 31. Bxc6 {[%emt 0:02:06] CPLX 2.4} bxc6 $14 {[%emt 0:00:15][%mdl 4096] Endgame KRR-KRR. RECAPT} 32. a3 {[%emt 0:00:42] BESTDEEP} h5 {[%emt 0:04:31] CPLX 2.0 0 (a5xb4) (=11)} 33. Kd4 {[%emt 0:03:34] BESTDEEP} axb4 {[%emt 0:00:56] CPLX 2.2} 34. axb4 {[%emt 0:00:04] RECAPT} Ra7 {[%emt 0:00:20] CPLX 2.0} 35. b5 {[%emt 0:01:23] CPLX 2.0 0 (Kd4-e5) (=8)} cxb5 {[%emt 0:00:06] CPLX 2.3} 36. c6 {[%emt 0:00:08] CPLX 2.3} Kf8 {[%emt 0:02:18] CPLX 2.5 0 (b5-b4) (=9)} 37. Kc5 {[%emt 0:00:10] Strongly threatening Rcd1. CPLX 2.5} Ke7 $2 {[%emt 0:00:09][%mdl 8192] MISSDEEP-Ra7-a8 265 (Ra7-a8) (=17)} (37... Raa8 $1 $11) 38. Rd3 $2 {[%emt 0:04:14] CPLX 2.8 268 (Rc1-d1) (=15)} (38. Rcd1 $18) 38... Rb7 {[%emt 0:02:12] [#] RELBLUND 173 (Ra7-c7) (=22)} (38... Rac7 $11 39. Rd6 (39. Kxb5 Rb8+ 40. Ka6 Rb2 $11) 39... Ke8) 39. Rcd1 $1 $18 {[%emt 0:01:01][%mdl 1024] White has strong compensation. DEEPSTRONG=>BLUNDERREACT} Rcc7 {[%emt 0:00:17] Against Rd7+. BESTDEEP} 40. Rb1 {[%emt 0:00:25] CPLX 3.1} b4 {[%emt 0:00:17] RELBLUND 400 (Rc7-c8) (=32)} (40... Rc8 $16 {is a better chance.}) 41. Rdb3 {[%emt 0:00:08] CPLX 3.2=>BLUNDERREACT} Ra7 {[%emt 0:01:06] And now ...Ra6 would win. BESTDEEP} 42. Kb6 {[%emt 0:01:01] Inhibits Ra6+. CPLX 2.6} Kf6 {[%emt 0:00:49] CPLX 2.9} 43. Rc1 {[%emt 0:01:17] BESTDEEP} e5 {[%emt 0:00:41] CPLX 3.0 11 (g6-g5) (=30)} 44. Rxb4 {[%emt 0:00:15] CPLX 3.2} exf4 {[%emt 0:00:07] CPLX 2.9 41 (Kf6-g7) (=30)} 45. gxf4 {[%emt 0:01:05] [#] Threatens to win with Rcc4. RECAPT} Ke6 {[%emt 0:01:14] CPLX 2.5 0 (Kf6-g7) (=29)} 46. Rcc4 {[%emt 0:00:52] Intending Ra4 and mate. BESTDEEP} f6 {[%emt 0:00:32] MISSDEEP-Ke6-f5 400 (Ke6-f5) (=38)} 47. Ra4 {[%emt 0:00:37] CPLX 2.5=>BLUNDERREACT. White mates.} Rxa4 {[%emt 0:00:32] EASY} 48. Rxa4 {[%emt 0:00:06] KR-KR. RECAPT} Rc8 {[%emt 0:00:32] RELBLUND 0 (Rc7-g7) (=37)} 49. Kb7 {[%emt 0:00:21] CPLX 2.0 0 (c6-c7) (=11)} Rh8 {[%emt 0:00:19] RELBLUND 0 (Rc8-g8) (=36)} 50. c7 {[%emt 0:00:06] EASY} Kf5 {[%emt 0:00:56] RELBLUND 3 (Ke6-d7) (=35)} 51. c8=Q+ {[%emt 0:00:30] CPLX 2.6 0 (c7-c8B) (=11)} Rxc8 {[%emt 0:00:04] LEGAL} 52. Kxc8 {[%emt 0:00:03] RECAPT} h4 {[%emt 0:00:04] RELBLUND 1 (Kf5-e6) (=34)} 53. Kd7 {[%emt 0:00:08] CPLX 2.0} g5 {[%emt 0:00:14] RELBLUND} 54. fxg5 {[%emt 0:00:06] CPLX 2.0} fxg5 {[%emt 0:00:04] RECAPT} 55. Kd6 {[%emt 0:00:07] Weighted Error Value: White=0.12 (very precise) /Black=0.39} 1-0

[Event "ESP-chT Honor Division 2022"]
[Site "Linares"]
[Date "2022.09.20"]
[Round "4.15"]
[White "Del Rio De Angelis, Salvador G."]
[Black "Iturrizaga Bonelli, Eduardo"]
[Result "1/2-1/2"]
[ECO "A40"]
[WhiteElo "2456"]
[BlackElo "2630"]
[Annotator "TA"]
[PlyCount "53"]
[EventDate "2022.09.17"]
[EventType "team-tourn"]
[EventCountry "ESP"]
[SourceTitle "playchess.com"]
[Source "ChessBase"]
[SourceQuality "1"]
[TimeControl "5400+30"]

1. d4 e6 2. c4 b6 3. e4 Bb7 4. Nc3 Bb4 5. Bd3 Ne7 {[%emt 0:04:53][%cal Oe6e5] CPLX 2.3 31 (f7-f5) (=31)} 6. Nge2 {[%emt 0:02:13] BESTDEEP. A40: Unusual replies to 1 d4.} Nbc6 {[%emt 0:04:30] CPLX 2.3} 7. O-O O-O {[%emt 0:02:20] CPLX 2.2 26 (Bb4xc3) (=19)} 8. Be3 {[%emt 0:11:00] CPLX 2.2 25 (Nc3-a4) (=8)} f5 {[%emt 0:09:10] BESTDEEP} 9. f3 {[%emt 0:00:32] [#] CPLX 2.4} Ng6 $146 {[%emt 0:03:46] CPLX 2.4 37 (f5xe4) (=19)} ({Predecessor:} 9... f4 10. Nxf4 Nxd4 11. Bxd4 Rxf4 12. Ne2 Rf7 13. f4 Bc5 14. Qd2 a5 15. Rad1 d6 16. Bb1 {0-1 (30) Cramling,P (2459)-Jumabayev,R (2637) Chess.com INT 2021}) 10. a3 {[%emt 0:04:52] CPLX 2.6 26 (e4xf5) (=10)} f4 {[%emt 0:33:16] [#] And now ...Bxc3 would win. CPLX 2.8 24 (Bb4xc3) (=20)} 11. Bf2 {[%emt 0:03:09] CPLX 2.8 16 (a3xb4) (=11)} Be7 {[%emt 0:00:49] CPLX 2.5} 12. e5 {[%emt 0:07:23] CPLX 2.2 30 (b2-b4) (=14)} Bh4 {[%emt 0:02:12] BESTDEEP} 13. Qc2 {[%emt 0:02:51] BESTDEEP} Bxf2+ {[%emt 0:00:31] CPLX 2.6} 14. Rxf2 {[%emt 0:00:06] RECAPT} Nce7 {[%emt 0:00:05] CPLX 2.2 7 (Qd8-g5) (=13)} 15. Be4 {[%emt 0:01:02] RELBLUND 54 (a3-a4) (=15)} (15. a4 $16) 15... Bxe4 $11 {[%emt 0:03:00] CPLX 2.5} 16. Qxe4 {[%emt 0:02:08] RECAPT 20 (Nc3xe4) (=16)} c5 {[%emt 0:11:20] CPLX 2.2 15 (d7-d5) (=12)} 17. Rd1 {[%emt 0:01:07] CPLX 2.5} Rf5 {[%emt 0:06:11] CPLX 2.4 19 (Qd8-c7) (=12)} 18. dxc5 {[%emt 0:03:25] CPLX 2.6} Rc8 {[%emt 0:03:02] CPLX 2.8 28 (b6xc5) (=13)} 19. cxb6 {[%emt 0:01:46] EASY} axb6 {[%emt 0:00:29] RECAPT} 20. Qb7 {[%emt 0:04:21] BESTDEEP} Nxe5 {[%emt 0:02:55] CPLX 2.8 28 (Ng6-f8) (=13)} 21. Nd4 {[%emt 0:01:08] Black must now prevent Re2. CPLX 2.8 0 (Nc3-b5) (=11)} Rf6 {[%emt 0:00:05] [#] CPLX 2.9 10 (Rc8-c7) (=13)} 22. Re2 $1 {[%emt 0:02:12] DEEPSTRONG} Rb8 {[%emt 0:01:13] CPLX 2.9 9 (Rc8-c7) (=13)} 23. Qa7 {[%emt 0:03:40] White is much more active. The black rooks are badly placed. CPLX 3.1 106 (Qb7-e4) (=15)} Ra8 {[%emt 0:00:06] EASY} 24. Qb7 {[%emt 0:00:05] RELBLUND} Rb8 $1 {[%emt 0:00:02] DEEPSTRONG} 25. Qa7 {[%emt 0:00:04] CPLX 3.1 103 (Qb7-e4) (=19)} Ra8 {[%emt 0:01:00] EASY} 26. Qb7 {[%emt 0:00:05] RELBLUND} Rb8 $1 {DEEPSTRONG} 27. Qa7 {Weighted Error Value: White=0.20 (precise) /Black=0.11 (very precise)} ({White should try} 27. Qe4 $16 N7g6 28. Qc2) 1/2-1/2

[Event "ESP-chT Honor Division 2022"]
[Site "Linares"]
[Date "2022.09.20"]
[Round "4.16"]
[White "Yuffa, Daniil"]
[Black "Suarez Garcia, Carlos"]
[Result "1-0"]
[ECO "D37"]
[WhiteElo "2600"]
[BlackElo "2455"]
[Annotator "TA"]
[PlyCount "127"]
[EventDate "2022.09.17"]
[EventType "team-tourn"]
[EventCountry "ESP"]
[SourceTitle "playchess.com"]
[Source "ChessBase"]
[SourceQuality "1"]
[TimeControl "5400+30"]

1. d4 d5 2. c4 e6 3. Nf3 Nf6 4. Nc3 Be7 5. Bf4 O-O 6. e3 Nbd7 {[%emt 0:00:48] CPLX 2.2} 7. c5 {[%emt 0:00:13] CPLX 2.2 1 (Bf1-d3) (=1). D37: Queen's Gambit Declined: 5 Bf4.} c6 {[%emt 0:00:30] BESTDEEP} 8. b4 {[%emt 0:00:36] CPLX 2.0 7 (a2-a3) (=4)} b6 {[%emt 0:02:58] BESTDEEP} 9. Bd3 {[%emt 0:07:50] CPLX 2.2 9 (h2-h3) (=6). The position is equal. 9.h3 is not played anymore.} a5 {[%emt 0:01:36] CPLX 2.4} 10. a3 {[%emt 0:00:25] CPLX 2.6} Ba6 {[%emt 0:00:43] CPLX 2.6 9 (Nf6-h5) (=2)} 11. O-O {[%emt 0:02:10] CPLX 2.8} Qc8 {[%emt 0:00:15] BESTDEEP} 12. h3 {[%emt 0:05:08] CPLX 2.8} Qb7 {[%emt 0:04:26] BESTDEEP} 13. Rb1 $1 {[%emt 0:01:09][%mdl 4] CPLX 2.9 11 (Qd1-e2) (=4) is recently more successful than 13.Qc2.} Bxd3 {[%emt 0:01:24] CPLX 2.9 11 (a5xb4) (=3)} 14. Qxd3 {[%emt 0:00:06] RECAPT} axb4 {[%emt 0:00:20] CPLX 2.6} 15. axb4 {[%emt 0:00:05] RECAPT} Ra3 {[%emt 0:07:03][%cal Of6e4] CPLX 2.6} 16. Qc2 {[%emt 0:00:43] Against Ne4. CPLX 3.2} Rfa8 {[%emt 0:03:12] CPLX 2.7} 17. Rfc1 $5 {[%emt 0:00:38][%mdl 4] CPLX 2.8 A promising side line.} b5 {[%emt 0:02:46] CPLX 2.8 6 (g7-g6) (=2)} 18. Nd2 {[%emt 0:01:06][%cal Bf3d2,Bd2b3,Bb3a5][%mdl 32] BESTDEEP} Bd8 {[%emt 0:01:32] CPLX 2.6 5 (Ra3-a6) (=2)} 19. Nb3 {[%emt 0:00:42] CPLX 2.5 17 (Bf4-d6) (=3)} R3a6 {[%emt 0:05:19] [#] CPLX 2.6 22 (Nf6-e4) (=4)} 20. Qe2 $5 $146 {[%emt 0:04:10][%mdl 8] CPLX 2.4 22 (Rb1-a1) (=5) New and interesting.} ({Predecessor:} 20. Ra1 h6 21. Rxa6 Rxa6 22. Ra1 Rxa1+ 23. Nxa1 Nb8 24. Bxb8 Qxb8 25. Qa2 Qb7 26. Nb3 {½-½ (54) Illescas Cordoba,M (2626)-Goldin,A (2620) Mallorca 2004}) 20... Bc7 {[%emt 0:03:33] CPLX 2.3 30 (Nf6-e4) (=6)} 21. Bxc7 {[%emt 0:07:08] BESTDEEP} Qxc7 {[%emt 0:00:02] RECAPT} 22. Na5 {[%emt 0:03:12] CPLX 2.5 27 (Qe2-d1) (=6)} Ne4 {[%emt 0:10:42] BESTDEEP} 23. f3 {[%emt 0:07:54] BESTDEEP} Nxc3 {[%emt 0:01:12] CPLX 3.5} (23... Ng3 {with more complications.} 24. Qe1 h5 25. Nxc6 Rxc6 26. Nxb5 Qb8) 24. Rxc3 {[%emt 0:00:11] RECAPT} e5 {[%emt 0:02:31] CPLX 2.4} 25. Qf2 {[%emt 0:01:15] BESTDEEP} Re8 {[%emt 0:10:50] CPLX 2.3 0 (e5-e4) (=4)} 26. Qg3 {[%emt 0:09:24] CPLX 2.3 0 (Rb1-e1) (=5)} Ra7 {[%emt 0:03:47] CPLX 2.7} 27. Rd1 {[%emt 0:03:04] CPLX 2.7} exd4 {[%emt 0:07:02] CPLX 2.7 0 (h7-h6) (=4)} 28. Qxc7 {[%emt 0:00:11] EASY} Rxc7 {[%emt 0:00:02] RECAPT} 29. exd4 {[%emt 0:05:36] CPLX 2.3 0 (Rd1xd4) (=4)} Nb8 {[%emt 0:02:41] CPLX 2.0 0 (g7-g5) (=3)} 30. Kf2 {[%emt 0:02:50] CPLX 2.0 0 (Rc3-a3) (=4)} Na6 {[%emt 0:01:57] CPLX 2.0} 31. Rb1 $40 {[%emt 0:06:55][%mdl 128] White attacks. CPLX 2.0} Ra8 {[%emt 0:00:11][%cal Oa6b4] And now ...Nxb4! would win. CPLX 2.0} 32. Ra3 {[%emt 0:00:20] CPLX 2.0} Nxb4 $1 {[%emt 0:01:03] DEEPSTRONG} 33. Rxb4 {[%emt 0:00:16][%cal Oa5c4] Threatens to win with Nc4! RECAPT} Rca7 {[%emt 0:00:04] EASY} 34. Nxc6 {[%emt 0:00:32] CPLX 2.4} Rxa3 {[%emt 0:00:05] EASY} 35. Rxb5 $11 {[%emt 0:00:33][%mdl 4096] Endgame KRR-KRN. CPLX 2.5} Ra2+ {[%emt 0:03:34] CPLX 2.4 0 (Kg8-f8) (=3)} 36. Kg3 {[%emt 0:00:28] CPLX 2.4} Rd2 {[%emt 0:06:16] CPLX 2.4} 37. Rb7 {[%emt 0:05:27] CPLX 2.5 0 (Nc6-b4) (=3)} Kf8 {[%emt 0:03:05] CPLX 2.5 18 (g7-g6) (=3)} 38. Ne5 {[%emt 0:04:48] CPLX 2.6} Rxd4 $2 {[%emt 0:04:45][%mdl 8192] A mistake that costs the game. RELBLUND 355 (Kf8-g8) (=14)} (38... Kg8 $11) 39. c6 $1 $18 {[%emt 0:00:32][%cal Bc5c6,Bc6c7][%mdl 32] DEEPSTRONG=>BLUNDERREACT} ({Weaker is} 39. Rxf7+ Kg8 $11) 39... Re8 {[%emt 0:02:46] [#] CPLX 3.0 153 (Rd4-d2) (=18)} (39... f6 $2 40. c7 $1 Rc8 41. Rb8 $18) (39... Rd2 $142 40. c7 (40. Rxf7+ Kg8 $16) 40... Rc2) 40. c7 $1 {[%emt 0:01:31] Intending Rb8 and mate. DEEPSTRONG=>BLUNDERREACT} Rd2 {[%emt 0:02:42] CPLX 3.6 0 (Rd4-d1) (=17)} 41. Nd7+ {[%emt 0:01:17] CPLX 3.6 118 (Ne5xf7) (=6)} ({Stronger than} 41. Rb8 Rc2 42. Nd7+ Ke7 $11) 41... Ke7 {[%emt 0:00:55] EASY} 42. Nb6 {[%emt 0:00:09] EASY} Ke6 $2 {[%emt 0:00:29] BEVAL 400 (Ke7-d6) (=27)} (42... Kd6 43. c8=Q Rxc8 44. Nxc8+ Ke6 45. Rb6+ Kd7) 43. Rb8 {[%emt 0:03:20] BEVAL} Kd6 {[%emt 0:00:05] BEVAL} 44. Rxe8 $2 {[%emt 0:00:40] CPLX 3.7 400 (Nb6-a8) (=16)} (44. Na8 {Hoping for Rd8+.} Rxg2+ 45. Kxg2 Re2+ 46. Kf1) 44... Kxc7 {[%emt 0:00:04] KRN-KR. EASY} 45. Na4 {[%emt 0:00:38] CPLX 2.3} Rc2 $2 {[%emt 0:01:08] CPLX 2.0 217 (Kc7-c6) (=31)} (45... Kc6 46. Rc8+ Kd6) 46. Re7+ {[%emt 0:01:21] CPLX 2.0} Kc6 {[%emt 0:00:07] CPLX 2.0} 47. Rxf7 {[%emt 0:00:51] EASY} d4 {[%emt 0:00:52] CPLX 2.1 142 (Kc6-b5) (=33)} 48. Rxg7 {[%emt 0:02:01] EASY} Ra2 {[%emt 0:02:38] [#] BEVAL 400 (d4-d3) (=41)} 49. Rxh7 $1 {[%emt 0:08:34] EVAL} Rxa4 {[%emt 0:00:04] KR-KR. BEVAL} 50. Rh8 {[%emt 0:00:21] EVAL} Kd7 {[%emt 0:02:25] EVAL} 51. Rb8 {[%emt 0:01:23] CPLX 2.0 146 (Rh8-g8) (=17)} Kc7 {[%emt 0:01:46] BEVAL 390 (Kd7-e7) (=47)} 52. Rb1 {[%emt 0:00:34] EVAL} Kd6 {[%emt 0:00:10] EVAL 0 (Kc7-d7) (=46)} 53. h4 {[%emt 0:00:33][%cal Bh3h4,Bh4h5,Bh5h6,Bh6h7][%mdl 32] CPLX 2.0 109 (Kg3-f4) (=18)} Kc5 {[%emt 0:00:59] BEVAL 400 (d4-d3) (=53)} 54. h5 d3 55. h6 Ra7 56. Kf4 Kd4 57. g4 (57. Rh1 $142 Rh7 58. Kg5) 57... Rf7+ 58. Kg5 Rxf3 59. h7 {[%emt 0:00:25] White mates.} Rh3 60. Kg6 Ke3 61. g5 Kf4 62. Rf1+ Kg4 63. Rg1+ Kf4 64. Kg7 {[%emt 0:00:19] Weighted Error Value: White=0.26 (precise) /Black=0.31} 1-0

[Event "ESP-chT Honor Division 2022"]
[Site "Linares"]
[Date "2022.09.20"]
[Round "4.17"]
[White "Trigo Urquijo, Sergio"]
[Black "Ibarra Jerez, Jose Carlos"]
[Result "1/2-1/2"]
[ECO "A04"]
[WhiteElo "2402"]
[BlackElo "2570"]
[Annotator "TA"]
[PlyCount "92"]
[EventDate "2022.09.17"]
[EventType "team-tourn"]
[EventCountry "ESP"]
[SourceTitle "playchess.com"]
[Source "ChessBase"]
[SourceQuality "1"]
[TimeControl "5400+30"]

1. Nf3 c5 2. g3 Nc6 3. c4 g6 4. Bg2 Bg7 5. O-O d6 6. Nc3 Bf5 {[%emt 0:05:54] CPLX 2.0 10 (e7-e5) (=10) 6...e6 is becoming the main line.} 7. h3 {[%emt 0:03:24] CPLX 2.1 10 (d2-d3) (=10). A37: Symmetrical English vs ...g6: 4 Bg2 Bg7 5 Nf3.} e5 {[%emt 0:03:55] DEEPSTRONG} 8. d3 {[%emt 0:02:35] CPLX 2.3} Nge7 {[%emt 0:00:11] CPLX 2.2} 9. e4 {[%emt 0:07:56] CPLX 2.2 0 (a2-a3) (=3). The position is equal.} Bd7 {[%emt 0:02:28] CPLX 2.4} 10. a3 {[%emt 0:02:59] BESTDEEP} O-O {[%emt 0:00:49] [#] CPLX 2.1} 11. b4 $146 {[%emt 0:05:05] CPLX 2.1 27 (Bc1-d2) (=7)} ({Predecessor:} 11. Rb1 a5 12. b3 f5 13. Nb5 Bc8 14. exf5 Bxf5 15. Nh4 Qd7 16. Nxf5 Nxf5 17. Qg4 {0-1 (41) Lopes,L (1575)-Dias,M (1876) Florianopolis 2021}) 11... cxb4 {[%emt 0:09:22] CPLX 2.5} 12. axb4 {[%emt 0:00:50] RECAPT 0 (Nc3-d5) (=6)} Nxb4 {[%emt 0:00:07] RECAPT} 13. Ba3 {[%emt 0:01:40] BESTDEEP} a5 {[%emt 0:02:42] CPLX 2.6} 14. Qb3 {[%emt 0:05:01] CPLX 2.6 27 (Qd1-d2) (=8)} Nec6 {[%emt 0:02:42] CPLX 2.8} ({Don't play} 14... Nxd3 15. Bxd6 Nc6 16. Rfd1 $16 (16. Qxb7 Ndb4 $14) (16. Bxf8 Bxf8 17. Nd5 Nc5 $11)) 15. Nd5 {[%emt 0:03:15] CPLX 2.7 4 (Rf1-d1) (=8)} Ra6 {[%emt 0:05:33] BESTDEEP} 16. Bxb4 {[%emt 0:11:10] BESTDEEP} axb4 {[%emt 0:08:33] RECAPT 0 (Nc6xb4) (=1)} 17. Nxb4 {[%emt 0:03:36] RECAPT 7 (Qb3-c2) (=7)} Rxa1 {[%emt 0:14:40] CPLX 3.0 7 (Qd8-b6) (=1)} 18. Rxa1 {[%emt 0:00:32] RECAPT} Qb6 {[%emt 0:00:43] CPLX 2.5} 19. Rb1 {[%emt 0:00:58] EASY} Qxb4 {[%emt 0:00:58] BESTDEEP} 20. Qxb4 {[%emt 0:00:10] RECAPT} Nxb4 {[%emt 0:00:03] RECAPT} 21. Rxb4 {[%emt 0:00:11] RECAPT} Bc6 {[%emt 0:00:22] CPLX 2.0} 22. Ne1 {[%emt 0:05:51] CPLX 2.0 0 (Nf3-h2) (=5)} Bh6 {[%emt 0:06:02] CPLX 2.0 20 (Rf8-a8) (=2)} (22... Ra8 $5 23. Nc2 Ra2 $15) 23. Rb2 {[%emt 0:08:36] CPLX 2.0 1 (Ne1-f3) (=4)} Ra8 {[%emt 0:00:45] CPLX 2.0} 24. Nc2 {[%emt 0:00:59] Inhibits Ra1+. CPLX 2.0} Bc1 {[%emt 0:06:02] CPLX 2.0 2 (Bh6-d2) (=2)} 25. Rb1 {[%emt 0:01:04] CPLX 2.1} Bd2 {[%emt 0:00:25] CPLX 2.1} 26. Nb4 {[%emt 0:01:56] CPLX 2.0 6 (Bg2-f3) (=4)} Bc3 {[%emt 0:03:14] CPLX 2.1 9 (Bd2xb4) (=2)} 27. Nxc6 {[%emt 0:05:03] BESTDEEP} bxc6 $11 {[%emt 0:00:02][%mdl 4096] Endgame KRB-KRB. RECAPT} 28. Bf3 {[%emt 0:00:36] CPLX 2.0} Ra2 {[%emt 0:01:31] CPLX 2.0 0 (Bc3-d4) (=2)} 29. Kf1 {[%emt 0:00:15] BESTDEEP} Bd4 {[%emt 0:01:08] CPLX 2.0} 30. Be2 {[%emt 0:00:27] BESTDEEP} Kg7 {[%emt 0:01:05] CPLX 2.0 12 (h7-h5) (=2)} 31. Rb7 {[%emt 0:01:57] CPLX 2.0 12 (g3-g4) (=4)} Kf6 {[%emt 0:00:42] CPLX 2.0 12 (h7-h5) (=3)} 32. Rc7 {[%emt 0:01:07] CPLX 2.0} Ra6 {[%emt 0:00:26] CPLX 2.0 0 (Ra2-a1) (=3)} 33. Rb7 {[%emt 0:00:20] CPLX 2.0 12 (g3-g4) (=4)} h5 {[%emt 0:00:23] CPLX 2.0 0 (Ra6-a1) (=3)} 34. h4 {[%emt 0:00:39] CPLX 2.0 7 (Rb7-c7) (=4)} Ke6 {[%emt 0:00:38] CPLX 2.0 6 (Ra6-a1) (=3)} 35. Rc7 {[%emt 0:02:36] CPLX 2.0} Ra2 {[%emt 0:00:52] CPLX 2.0 20 (Ra6-b6) (=3)} 36. Rb7 {[%emt 0:01:22] CPLX 2.0 22 (g3-g4) (=5)} Ra8 {[%emt 0:01:38] CPLX 2.1 0 (Ra2-a1) (=3)} 37. Kg2 {[%emt 0:01:19] CPLX 2.0} Bc5 {[%emt 0:01:25] CPLX 2.0 19 (Ke6-f6) (=4)} 38. Rb2 {[%emt 0:01:05] CPLX 2.0 19 (g3-g4) (=5)} Ra7 {[%emt 0:00:36] CPLX 2.0 0 (Ke6-f6) (=4)} 39. Rb8 {[%emt 0:01:20] CPLX 2.0} Bd4 {[%emt 0:01:57] CPLX 2.0 0 (Ke6-e7) (=3)} 40. Re8+ {[%emt 0:00:38] CPLX 2.0 0 (Rb8-h8) (=5)} Kd7 {[%emt 0:00:13] CPLX 2.0} 41. Rf8 {[%emt 0:00:26] CPLX 2.0} Ke7 {[%emt 0:00:06] CPLX 2.0 0 (Ra7-a2) (=3)} 42. Rc8 {[%emt 0:00:29] CPLX 2.0 0 (Rf8-b8) (=4)} Bc5 {[%emt 0:00:32] CPLX 2.0 0 (Ra7-a3) (=3)} 43. Rb8 {[%emt 0:00:22] CPLX 2.0 0 (Kg2-f1) (=4)} (43. Rxc6 $2 Kd7 44. Rxc5 dxc5 $17) 43... Ra2 {[%emt 0:01:15] CPLX 2.0 0 (Ra7-a1) (=3)} 44. Kf1 {[%emt 0:00:11] BESTDEEP} Kd7 {[%emt 0:01:10] CPLX 2.0 0 (Ra2-a1) (=3)} 45. Rf8 {[%emt 0:00:23] CPLX 2.0 0 (Rb8-b7) (=4)} Ke6 {[%emt 0:00:23] CPLX 2.0 0 (Ra2-a1) (=3)} 46. Re8+ {[%emt 0:00:08] CPLX 2.0 7 (Rf8-c8) (=4)} Kd7 {[%emt 0:01:49] Weighted Error Value: White=0.04 (flawless) /Black=0.03 (flawless)} 1/2-1/2